 Dungeon Crawl Stone Soup version 0.30-a0-1094-g860fb061e7 (webtiles) character file.

Game seed: 15380055380725264436

611 Darkkill the Shooter (level 7, -12/61 HPs)
             Began as a Minotaur Hunter on Apr 17, 2023.
             Was an Initiate of Nemelex Xobeh.
             Mangled by an ogre
             ... wielding a +0 giant club
              (31 damage)
             ... on level 5 of the Dungeon.
             The game lasted 00:05:11 (3432 turns).

Darkkill the Shooter (Minotaur Hunter)              Turns: 3432, Time: 00:05:12

Health: -12/61     AC:  8    Str: 15    XL:     7   Next: 20%
Magic:  6/6        EV: 13    Int:  9    God:    Nemelex Xobeh [......]
Gold:   162        SH:  0    Dex: 16    Spells: 6/6 levels left

rFire   + . .      SeeInvis .    a - +0 shortbow
rCold   + + .      Faith    .    (shield currently unavailable)
rNeg    . . .      Spirit   .    c - +0 leather armour
rPois   .          Reflect  .    (helmet restricted)
rElec   .          Rampage  .    (no cloak)
rCorr   .                        (no gloves)
Will    .....                    l - +0 pair of boots of Resilience {rF+ rC++ Int+3}
Stlth   ++                       (no amulet)
HPRegen 0.30/turn                i - +4 ring of protection
MPRegen 0.10/turn                (no ring)

@: no status effects
A: horns 2, retaliatory headbutt
a: Renounce Religion, Draw Escape, Draw Destruction, Draw Summoning


You were on level 5 of the Dungeon.
You worshipped Nemelex Xobeh.
Nemelex Xobeh was noncommittal.
You visited 2 branches of the dungeon, and saw 6 of its levels.

You collected 162 gold pieces.

Inventory:

Hand Weapons
 a - a +0 shortbow (weapon)
Missiles
 d - 12 poisoned darts
 e - 43 stones
Armour
 c - a +0 leather armour (worn)
 l - the +0 pair of boots of Resilience (worn) {rF+ rC++ Int+3}
   (You found it on level 2 of the Dungeon)

   Int:       It affects your intelligence (+3).
   rF:        It protects you from fire.
   rC:        It greatly protects you from cold.
 o - a +1 hat
 p - a +0 pair of gloves
Magical Staves
 t - a staff of fire
Jewellery
 i - a +4 ring of protection (left hand)
Wands
 r - a wand of digging (6)
Scrolls
 b - a scroll of immolation
 j - a scroll of amnesia
Potions
 f - 2 potions of flight {unknown}
 g - a potion of degeneration {unknown}
 h - a potion of attraction {unknown}
 k - a potion of might {unknown}
 m - 2 potions of mutation
 n - 2 potions of haste
 q - 2 potions of curing {unknown}
 v - a potion of lignification {unknown}


   Skills:
 + Level 5.2 Fighting
 + Level 6.1 Ranged Weapons
 + Level 4.6 Dodging
 + Level 3.5 Stealth


You had 6 spell levels left.
You didn't know any spells.
Your spell library contained the following spells:

 Spells                   Type           Power      Damage    Failure   Level
 Cigotuvi's Dreadful Rot  Necr/Pois/Air  0%         N/A       58%         2
 Ignite Poison            Fire/Tmut/Pois 0%         N/A       83%         3
 Freezing Cloud           Conj/Ice/Air   0%         6-21      100%        5


Dungeon Overview and Level Annotations

Branches:
Dungeon (5/15)             Temple (1/1) D:4

Altars:
Dithmenos
Elyvilon
Fedhas
Gozag
Makhleb
Nemelex Xobeh
Okawaru
Qazlal
Ru
Trog
Uskayaw
Vehumet
Wu Jian
Xom
Zin
The Shining One

Annotations:
D:3 2 transporters, Vallaxes's ghost, amateur DsAE
D:5 Ijyb


Innate Abilities, Weirdness & Mutations

You have a pair of horns on your head.
You reflexively headbutt those who attack you in melee.


Message History

There is a stone staircase leading down here.
You see here a +0 whip.
A ball python comes into view.
Found an inky potion.
You shoot an arrow. The arrow hits the ball python.
You kill the ball python!
No target in view!
q - 2 inky potions (gained 1)
n - 2 pink potions (gained 1)
d - 12 poisoned darts (gained 6) No target in view!
A hobgoblin comes into view.
A hobgoblin is nearby!
You shoot an arrow. The arrow hits the hobgoblin!
You kill the hobgoblin!
A bullfrog comes into view.
You shoot an arrow. The arrow closely misses the bullfrog.
The bullfrog misses you. You furiously retaliate!
You headbutt the bullfrog!
A bullfrog is nearby!
You shoot an arrow. The arrow hits the bullfrog!
The bullfrog is almost dead.
The bullfrog misses you.
A bullfrog is nearby!
You shoot an arrow. The arrow hits the bullfrog!
You kill the bullfrog!
You see here a hobgoblin corpse.
u - a scroll of identify {@r1} No target in view!
v - a fizzy yellow potion No target in view!
A worm comes into view.
You shoot an arrow. The arrow hits the worm!
The worm is moderately wounded.
You shoot an arrow.
The arrow hits the worm but does no damage.
The worm is moderately wounded.
A worm is nearby!
A worm is nearby!
You shoot an arrow. The arrow hits the worm!
The worm is severely wounded.
A worm is nearby!
You shoot an arrow. The arrow hits the worm!
You kill the worm!
Qazlal incites the elements against you!
The divine experience confuses you!
You are confused.
A wind drake and a fire elemental come into view.
There are monsters nearby!
You shoot an arrow.
The arrow barely misses the fire elemental.
There are monsters nearby!
You shoot an arrow. The fire elemental misses you. The wind drake bites you.
There are monsters nearby!
You shoot an arrow. The fire elemental barely misses you.
The wind drake bites you. The fire elemental hits you.
The fire elemental burns you! You resist.
The wind drake bites you but does no damage.
There are monsters nearby!
You shoot an arrow. The fire elemental hits you. The fire elemental burns you!
You resist. The wind drake misses you. The fire elemental barely misses you.
You feel less confused. The wind drake misses you. You furiously retaliate!
You headbutt the wind drake. The fire elemental hits you.
The fire elemental burns you! You resist. The wind drake barely misses you.
The fire elemental misses you.
The wind drake bites you but does no damage.
The fire elemental hits you. The fire elemental burns you! You resist.
Okay, then.
As you read the scroll labelled QEUVIM MAYPS, it crumbles to dust.
You feel strangely unstable.
It was a scroll of teleportation.
The fire elemental hits you. The fire elemental burns you! You resist.
The wind drake bites you. The fire elemental closely misses you.
You furiously retaliate!
You headbutt the fire elemental!
As you read the scroll of identify {@r1}, it crumbles to dust.
n - 2 potions of haste The wind drake exhales a fierce blast of wind!
You are knocked back by the gust of wind.
Your surroundings suddenly seem different.
There is a stone staircase leading down here.
There is a stone staircase leading down here.
You climb downwards.
Ijyb shouts!
The ogre shouts!
Found a sling and 19 gold pieces.
There is a stone staircase leading up here.
The ogre completely misses you.
You shoot an arrow. The arrow hits the ogre!
The ogre is heavily wounded.
Ijyb misses you.
You shoot an arrow. The arrow hits the ogre.
The ogre is severely wounded.
The ogre hits you with a +0 giant club! Ijyb hits you but does no damage.
You shoot an arrow. The arrow barely misses the ogre.
Ijyb closely misses you. The ogre hits you with a +0 giant club!
* * * LOW HITPOINT WARNING * * *
You shoot an arrow. The arrow hits the ogre!
The ogre is almost dead.
Ijyb closely misses you.
The ogre hits you with a +0 giant club!!
Ouch! That really hurt!
You die...
Your body disappears without a glow.

#..... ..
.... .###.
.... ......
... ....$.
##.##....$.
#.....)....
#.O........
#.@g.....#
##.......#
####......
......
..... .####
. .#


You could see an ogre and Ijyb.

Vanquished Creatures
  An ogre (D:4)
  A bullfrog (D:4)
  A scorpion (D:4)
  2 hounds (D:4)
  A jelly (D:4)
  An orc priest (D:3)
  An orc wizard (D:3)
  Robin (D:2)
  12 adders
  An ufetubus (D:3)
  4 worms
  3 dart slugs
  3 orcs (D:3)
  13 ball pythons
  8 endoplasms
  3 giant cockroaches
  9 hobgoblins
  8 jackals (D:1)
  4 quokkas
  11 bats
  3 frilled lizards
  18 goblins
  7 kobolds
  8 rats
124 creatures vanquished.

Notes
Turn   | Place    | Note
-------+----------+-------------------------------------------
     0 | D:1      | Darkkill the Minotaur Hunter began the quest for the Orb.
     0 | D:1      | Reached XP level 1. HP: 18/18 MP: 0/0
    50 | D:1      | Reached skill level 1 in Stealth
    78 | D:1      | Reached XP level 2. HP: 23/25 MP: 1/1
   205 | D:1      | Reached XP level 3. HP: 30/31 MP: 2/2
   637 | D:2      | Noticed Robin
   645 | D:2      | Reached XP level 4. HP: 34/38 MP: 3/3
   650 | D:2      | Killed Robin
   689 | D:2      | Reached skill level 5 in Ranged Weapons
   943 | D:2      | Identified the +0 pair of boots of Resilience {rF+ rC++
                  | Int+3}
  1581 | D:3      | Reached XP level 5. HP: 46/46 MP: 4/4
  1832 | D:3      | Found a transporter.
  1841 | D:3      | Found a transporter.
  1845 | D:3      | Noticed Vallaxes's ghost (amateur DsAE)
  2015 | D:3      | Found a glowing silver altar of Zin.
  2016 | D:3      | Found a faded altar of an unknown god.
  2403 | D:3      | Found a shimmering altar of Xom.
  2404 | D:3      | Found a stormy altar of Qazlal.
  2482 | D:3      | Prayed at the altar of an unknown god.
  2482 | D:3      | Became a worshipper of Qazlal Stormbringer
  2482 | D:3      | Reached * piety under Qazlal
  2483 | D:3      | Fell from the grace of Qazlal
  2529 | D:4      | Reached XP level 6. HP: 52/53 MP: 5/5
  2583 | D:4      | Found a staircase to the Ecumenical Temple.
  2611 | Temple   | Entered the Ecumenical Temple
  2817 | Temple   | Became a worshipper of Nemelex Xobeh the Trickster
  3080 | D:4      | Reached XP level 7. HP: 60/60 MP: 6/6
  3101 | D:4      | Reached skill level 5 in Fighting
  3101 | D:4      | Reached skill level 6 in Ranged Weapons
  3408 | D:4      | Noticed a wind drake
  3408 | D:4      | Noticed a fire elemental
  3427 | D:5      | Entered Level 5 of the Dungeon
  3427 | D:5      | Noticed Ijyb
  3432 | D:5      | Mangled by an ogre

Illustrated notes

Levels and vault maps discovered:
D:1:      roderic_crossed_star, layout_rooms
D:2:      layout_loops_corners, minmay_misc_feat_iff, uniq_robin
D:3:      layout_loops_cross, nicolae_overflow_hidden_temple,
          gammafunk_ghost_stat_death, hellmonk_ecumenical_altar_run_dry
D:4:      layout_loops_ring, minmay_temple_entry_grid
D:5:      minmay_chambers_of_threes, layout_cave_pools, grunt_decor_cap,
          minmay_misc_feat_doors, uniq_ijyb
Temple:   nicolae_temple_figure_eight

Skill      XL: |  1  2  3  4  5  6  7 |
---------------+----------------------+-----
Stealth        | 1 2 3 |  3.5
Fighting       | 3 4 5 |  5.2
Dodging        | 3 4 |  4.6
Ranged Weapons | 5 6 |  6.1

Action                     |  1- 3 |  4- 6 |  7- 9 || total
---------------------------+-------+-------+-------++-------
  Melee: Shortbow          |       |     7 |       ||     7
   Fire: Shortbow          |   108 |   168 |    26 ||   302
 Invoke: Renounce Religion |       |     1 |       ||     1
    Use: Scroll            |     2 |     1 |     2 ||     5
 Armour: Leather armour    |    22 |    36 |     8 ||    66
  Dodge: Dodged            |    48 |    69 |    16 ||   133

Table legend: (Time is in decaauts)
 A = Elapsed time spent in this place.
 B = Non-inter-level travel time spent in this place.
 C = Inter-level travel time spent in this place.
 D = Time resting spent in this place.
 E = Time spent auto-exploring this place.
 F = Levels seen in this place.
 G = Mean time per level.
                   A        B        C        D        E       F      G
               +--------+--------+--------+--------+--------+-----+--------+
         Total |   3517 |   3166 |    351 |      0 |   2523 |   6 |  586.2 |
       Dungeon |   3202 |   2918 |    284 |      0 |   2278 |   5 |  640.4 |
        Temple |    314 |    247 |     67 |      0 |    245 |   1 |  314.0 |
               +--------+--------+--------+--------+--------+-----+--------+

Top non-repeatable levels by time:
     D:2: 1054 daAuts
     D:3: 967 daAuts
     D:4: 610 daAuts
     D:1: 565 daAuts
  Temple: 314 daAuts
     D:5: 5 daAuts

Table legend:
 A = Kills in this place as a percentage of kills in the entire game.
 B = Kills by you in this place as a percentage of kills by you in the entire game.
 C = Kills by friends in this place as a percentage of kills by friends in the entire game.
 D = Other kills in this place as a percentage of other kills in the entire game.
 E = Experience gained in this place as a percentage of experience gained in the entire game.
 F = Experience gained in this place divided by the number of levels of this place that you have seen.
                   A       B       C       D       E      F
               +-------+-------+-------+-------+-------+----------------------
         Total | 100.0 | 100.0 |   N/A |   N/A | 100.0 | 145.7
       Dungeon | 100.0 | 100.0 |   N/A |   N/A | 100.0 | 174.8
               +-------+-------+-------+-------+-------+----------------------
